 Dungeon Crawl Stone Soup version 0.22-a0-580-gd5db89c09a (webtiles) character file.

99 Kholdaimon the Vexing (level 4, 0/22 HPs)
             Began as a Spriggan Arcane Marksman on July 2, 2018.
             Killed from afar by Ijyb (10 damage)
             ... with a wand of flame (32)
             ... on level 2 of the Dungeon.
             The game lasted 00:15:58 (3040 turns).

Kholdaimon the Vexing (Spriggan Arcane Marksman)    Turns: 3040, Time: 00:15:59

Health: 0/22       AC:  2    Str:  7    XL:     4   Next: 45%
Magic:  9/9        EV: 18    Int: 14    God:
Gold:   119        SH:  0    Dex: 16    Spells: 7/8 levels left

rFire    . . .     SeeInvis +   a - +0 hunting sling
rCold    . . .     Gourm    .   (shield restricted)
rNeg     . . .     Faith    .   e - +0 robe
rPois    .         Spirit   .   (helmet restricted)
rElec    .         Reflect  .   (no cloak)
rCorr    .         Harm     .   (gloves unavailable)
MR       .....                  (boots unavailable)
Stlth    +.........             (no amulet)
HPRegen  0.07/turn              (no ring)
MPRegen  0.11/turn              (no ring)

@: slow
A: very small, unfitting armour, see invisible, herbivore, speed 3, slow
metabolism 2
a: no special abilities


You were on level 2 of the Dungeon.
You were not hungry.

You visited 1 branch of the dungeon, and saw 3 of its levels.

You collected 119 gold pieces.

Inventory:

Hand Weapons
 a - a +0 hunting sling (weapon)
 c - a +0 short sword
 h - a +0 short sword
Missiles
 g - 35 stones (quivered)
 k - 10 arrows
Armour
 e - a +0 robe (worn)
Jewellery
 l - an uncursed amulet of faith {unknown}
Scrolls
 j - a scroll of teleportation {unknown}
 n - 2 scrolls of magic mapping {unknown}
 o - 2 scrolls of identify {unknown}
 p - 4 scrolls of remove curse {unknown}
Potions
 b - a potion of degeneration {unknown}
 i - a potion of magic {unknown}
 m - a potion of flight {unknown}
 q - a potion of might {unknown}
 r - a potion of heal wounds {unknown}
Comestibles
 f - 3 rations


   Skills:
 + Level 1.6 Fighting
 + Level 3.3 Slings
 - Level 3.0 Dodging
 + Level 2.6 Stealth
 + Level 2.7 Spellcasting
 + Level 4.2 Hexes


You had 7 spell levels left.
You knew the following spells:

 Your Spells              Type           Power        Failure   Level  Hunger
a - Corona                Hex            ##.....      3%          1    #......

Your spell library contained the following spells:

 Spells                   Type           Power        Failure   Level  Hunger
 Cause Fear               Hex            ##........   36%         4    #####..
 Slow                     Hex            ##......     6%          2    ###....
 Portal Projectile        Hex/Tloc       #.....       28%         3    ###....
 Leda's Liquefaction      Hex/Erth       #.........   67%         4    #####..
 Inner Flame              Hex/Fire       #.......     28%         3    ###....


Dungeon Overview and Level Annotations

Branches:
Dungeon (3/15)

Altars:
Cheibriados
Dithmenos
Hepliaklqana
Vehumet
Yredelemnul

Annotations:
D:2 Ijyb


Innate Abilities, Weirdness & Mutations

You are very small and have problems with some larger weapons.
You are too small for most types of armour.
You have supernaturally acute eyesight. (SInv)
You are a herbivore.
You cover ground extremely quickly.
You need to consume almost no food.


Message History

Firing (i - inventory)
g - 38 stones (quivered)
Press: ? - help, Shift-Dir - straight line, f/p - Ijyb
Aim: Ijyb, wielding a dagger of electrocution, wearing a scale mail and carrying a wand of flame (32) (severely wounded)
You shoot a stone. The stone closely misses Ijyb.
Firing (i - inventory)
g - 37 stones (quivered)
Press: ? - help, Shift-Dir - straight line, f/p - Ijyb
Aim: Ijyb, wielding a dagger of electrocution, wearing a scale mail and carrying a wand of flame (32) (severely wounded)
You shoot a stone. The stone closely misses Ijyb.
Firing (i - inventory)
g - 36 stones (quivered)
Press: ? - help, Shift-Dir - straight line, f/p - Ijyb
Aim: Ijyb, wielding a dagger of electrocution, wearing a scale mail and carrying a wand of flame (32) (severely wounded)
You shoot a stone. The stone hits Ijyb but does no damage.
Ijyb is severely wounded.
You enter the shallow water.
Moving in this stuff is going to be slow.
You enter the shallow water.
Moving in this stuff is going to be slow.
Ijyb screams, "Get away!"
Ijyb zaps a wand.
The puff of flame hits you!
You die...

.##### #.# #.###..### #.# .....#
#.# ###.###....#####.#
.###.######.####................#
.# #>............#.######.##...#.
.# ########........# #......#. .#
########<# ####...#. .# #.#
##.##. .# ########.###### #.##.
## #..g§.@..≈....# #.##.
#..≈≈.≈...≈.≈.#####.##.
#.≈≈≈≈≈≈≈≈≈≈...........
##..≈≈≈≈≈≈≈≈≈..####..###
#...≈≈≈≈≈≈≈≈)≈≈# #..#
#...≈≈≈.♣.≈≈≈.≈# #..#
#...≈≈≈._≈≈≈≈≈≈####..#
######(..≈≈≈≈.≈≈≈≈≈.......#
#..g.(...≈≈≈≈≈≈≈≈≈..####.##


You could see Ijyb.

Vanquished Creatures
  An orc priest (D:3)
  An adder (D:2)
  An ooze (D:1)
  A worm (D:2)
  A dart slug (D:1)
  A leopard gecko (D:2)
  2 orcs
  A ball python (D:1)
  5 bats
  6 goblins
  6 hobgoblins (D:1)
  8 jackals (D:1)
  3 frilled lizards
  6 kobolds
  5 rats
48 creatures vanquished.

Vanquished Creatures (others)
  A rat (D:2)
1 creature vanquished.

Grand Total: 49 creatures vanquished

Notes
Turn   | Place    | Note
-------+----------+-------------------------------------------
     0 | D:1      | Kholdaimon the Spriggan Arcane Marksman began the quest for the Orb.
     0 | D:1      | Reached XP level 1. HP: 9/9 MP: 3/3
   123 | D:1      | Reached skill level 1 in Fighting
   141 | D:1      | Reached skill level 1 in Stealth
   141 | D:1      | Reached XP level 2. HP: 6/14 MP: 5/5
   784 | D:1      | Reached skill level 4 in Hexes
   854 | D:1      | Reached XP level 3. HP: 18/18 MP: 7/7
  1147 | D:2      | Found a faded altar of an unknown god.
  1266 | D:2      | Found a radiant altar of Vehumet.
  1713 | D:2      | Found a shadowy altar of Dithmenos.
  1730 | D:2      | Found a hazy altar of Hepliaklqana.
  1733 | D:2      | Found a basalt altar of Yredelemnul.
  1736 | D:2      | Found a snail-covered altar of Cheibriados.
  2065 | D:3      | Reached XP level 4. HP: 22/22 MP: 8/8
  2307 | D:3      | Noticed Ijyb
  2624 | D:2      | Found a radiant altar of Vehumet.
  2746 | D:2      | Found a faded altar of an unknown god.
  3040 | D:2      | Killed from afar by Ijyb

Vault maps used:
D:1:      minmay_arrival_widening_spiral_wide, hex_large, feat_on_display
D:2:      grunt_temple_overflow_cloverleaf, fiery_altar_vehumet, first_ration,
          chequers_ecumenical_altar_island
D:3:      lemuel_crystal_altar, nicolae_overflow_hidden_temple,
          portal_sewer_entry_a, minivault_4, tso_altar, uniq_ijyb, uniq_natasha

Skill      XL: |  1  2  3 |
---------------+----------+-----
Fighting       | 1 |  1.6
Stealth        | 1 2 |  2.6
Spellcasting   | 2 |  2.7
Hexes          | 4 |  4.2
Slings         | 3 |  3.3
Dodging        | |  3.0

Action                   |  1- 3 |  4- 6 || total
-------------------------+-------+-------++-------
 Fire: Hunting sling     |   188 |    42 ||   230
Armor: Robe              |    13 |     1 ||    14
Dodge: Dodged            |   128 |     9 ||   137

Table legend:
 A = Spawn XP
 B = Non-spawn XP
 C = Spawn XP percentage of total XP
 D = Spawn monster count
 E = Non-spawn monster count
 F = Spawn count percentage of total count
 G = Total turns spent on level
                    A         B        C        D         E        F      G
               +---------+---------+-------+---------+---------+-------+---------
         Total |       0 |     142 |   0.0 |       0 |      48 |   0.0 |  3040
               +---------+---------+-------+---------+---------+-------+---------
           D:1 |       0 |      56 |   0.0 |       0 |      29 |   0.0 |  1162
           D:2 |       0 |      42 |   0.0 |       0 |      17 |   0.0 |  1858
           D:3 |       0 |      44 |   0.0 |       0 |       2 |   0.0 |    20
               +---------+---------+-------+---------+---------+-------+---------
